 Dungeon Crawl Stone Soup version 0.30-a0-168-g0b976cbdc4 (webtiles) character file.

Game seed: 11157931664235173725

5301 qw the Cleaver (level 10, -1/64 HPs)
             Began as a Gargoyle Fighter on Sept 29, 2022.
             Was a Priest of Okawaru.
             Slain by an acid dragon (3 damage)
             ... on level 9 of the Dungeon.
             The game lasted 00:03:56 (8739 turns).

qw the Cleaver (Gargoyle Fighter)                   Turns: 8739, Time: 00:03:56

Health: -1/64      AC: 23    Str: 25    XL:     10   Next: 63%
Magic:  12/13      EV:  9    Int:  8    God:    Okawaru [***...]
Gold:   362        SH:  6    Dex:  9    Spells: 9/9 levels left

rFire   + + +      SeeInvis .    Y - +1 war axe
rCold   + . .      Faith    .    c - +0 buckler
rNeg    + + .      Spirit   .    i - +0 plate armour
rPois   inf        Reflect  .    h - +1 helmet of Dishonour {rF+}
rElec   +          Harm     .    a - scarf {rC+ rF+}
rCorr   .          Rampage  .    (no gloves)
Will    .....                    r - +1 pair of boots
Stlth   ..........               (no amulet)
HPRegen 0.20/turn                e - ring of positive energy
MPRegen 0.13/turn                b - ring of protection from fire

@: about to teleport, heroic, corroded
A: sickness immunity, AC +7, negative energy resistance 1, electricity
resistance, torment resistance 1, petrification resistance
a: Renounce Religion, Heroism


You were on level 9 of the Dungeon.
You worshipped Okawaru.
Okawaru was most pleased with you.
You visited 1 branch of the dungeon, and saw 9 of its levels.

You collected 362 gold pieces.


Innate Abilities, Weirdness & Mutations

You are immune to sickness and miasma.
Your stone body is resilient. (AC +7)
You are immune to poison.
You resist negative energy. (rN+)
You are resistant to electric shocks. (rElec)
You are resistant to unholy torment.
You are immune to petrification.


   Skills:
 - Level 8.1(13.1) Fighting
 + Level 10.6(15.6) Axes
 - Level 1.2(6.2) Throwing
 - Level 7.0(12.0) Armour
 - Level 1.2(6.2) Dodging
 - Level 5.0(10.0) Shields
 - Level 4.0 Invocations


You had 9 spell levels left.
You didn't know any spells.
Your spell library was empty.

Inventory:

Hand Weapons
 p - a +4 flail of freezing
 Y - a +1 war axe (weapon)
Armour
 a - a scarf of resistance (worn)
 c - a +0 buckler (worn)
 h - the +1 helmet of Dishonour (worn) {rF+}
   (You found it on level 7 of the Dungeon)

   rF:        It protects you from fire.
 i - a +0 plate armour (worn)
 q - a +0 cloak
 r - a +1 pair of boots (worn)
 t - the +1 hat "Loiclubi" {Harm rC- Regen+ Stlth-}
   (You found it on level 6 of the Dungeon)

   rC:        It makes you vulnerable to cold.
   Regen:     It increases your rate of health regeneration.
   Harm:      It increases damage dealt and taken.
   Stlth:     It makes you less stealthy.
Jewellery
 b - a ring of protection from fire (right hand)
 e - a ring of positive energy (left hand)
Scrolls
 g - a scroll of identify
 s - a scroll of teleportation
Potions
 d - 2 potions of might
 f - a potion of magic
 j - a potion of lignification
 k - a potion of attraction
 l - 4 potions of curing
 m - 3 potions of haste
 u - a potion of resistance

Dungeon Overview and Level Annotations

Branches:
Dungeon (9/15)             Temple (0/1) D:4
   Lair: D:8-11         Orc: D:9-12

Altars:
Ashenzari
Cheibriados
Gozag
Nemelex Xobeh
Okawaru
Ru
Sif Muna
Trog
Xom
Zin

Shops:
D:2 (   D:3 [

Annotations:
D:9 1 transporter


Message History

You kill the kobold!
You hit the yak. The acid dragon closely misses you.
The acid dragon claws you but does no damage.
The yak closely misses you.
You barely miss the yak.
The yak is lightly wounded.
You slash the acid dragon! You slash the acid dragon!
The acid dragon is severely wounded.
You hit the yak but do no damage.
The acid dragon bites you but does no damage.
The acid dragon claws you but does no damage.
The yak gores you!
You closely miss the acid dragon.
The acid dragon is severely wounded.
You completely miss the yak.
The acid dragon bites you but does no damage.
The acid dragon barely misses you. You block the yak's attack.
You hit the acid dragon but do no damage.
The acid dragon is severely wounded.
You slash the yak! x2
The acid dragon bites you!
The acid dragon claws you but does no damage.
You block the yak's attack. The yak gores you!
8737 ||| READING 2 scrolls of teleportation.
As you read the scroll of teleportation, it crumbles to dust.
You feel strangely unstable.
A yak comes into view.
The acid dragon spits acid at you.
The splash of acid hits you but does no damage.
The yak gores you but does no damage.
You hit the acid dragon.
The acid dragon is almost dead.
You hit the yak. x2
You hit the acid dragon but do no damage.
The acid dragon is almost dead.
You barely miss the yak. You completely miss the yak.
The acid dragon bites you.
You die...

.... ...# #...# ...##
#...# ########....#
#...# #...........##
#...# #............#.
#...######.......YY...Y.
#........%......@)Y.....
##.........####.YD......
##.........# #.........
..##.....### ..........
..##.....# ...........
..##.....# ......#.....
..##:....# ########.####
..##.....# .# ..##8.^.8#


You could see 5 yaks and an acid dragon.

Vanquished Creatures
  Pikel (D:5)
  A hornet (D:8)
  Sigmund (D:6)
  2 steam dragons
  Menkaure (D:6)
  A water moccasin (D:7)
  3 black bears
  2 orc warriors
  2 sky beasts (D:6)
  3 centaurs
  A phantom (D:5)
  A lemure (D:5)
  3 kobold brigands
  A gnoll sergeant (D:7)
  2 necrophages (D:4)
  5 bullfrogs
  6 scorpions
  11 wights
  9 killer bees (D:7)
  A howler monkey (D:9)
  4 crimson imps (D:4)
  3 hounds (D:6)
  2 jellies (D:5)
  4 orc priests
  6 iguanas
  Ijyb (D:5)
  Natasha (D:3)
  3 orc wizards
  8 gnolls
  11 adders
  A worm (D:5)
  2 dart slugs
  28 orcs
  12 endoplasms
  4 giant cockroaches
  8 goblins
  6 hobgoblins
  5 quokkas
  17 ball pythons
  6 bats
  2 frilled lizards (D:2)
  17 kobolds
  6 rats
214 creatures vanquished.

Vanquished Creatures (others)
  An orc wizard (D:6)
  A plant (D:8)
2 creatures vanquished.

Grand Total: 216 creatures vanquished

Notes
Turn   | Place    | Note
-------+----------+-------------------------------------------
     0 | D:1      | qw the Gargoyle Fighter began the quest for the Orb.
     0 | D:1      | Reached XP level 1. HP: 14/14 MP: 1/1
     0 | D:1      | 0 ||| qw: Version: 0.2-a-12-gaebbb33
     0 | D:1      | 0 ||| qw: Game counter: 1209
     0 | D:1      | 0 ||| qw: Always use a shield: true
     0 | D:1      | 0 ||| qw: God list: Okawaru
     0 | D:1      | 0 ||| qw: Allow faded altars: false
     0 | D:1      | 0 ||| qw: Do Orc after D:15 true
     0 | D:1      | 0 ||| qw: Do second Lair branch before Depths: true
     0 | D:1      | 0 ||| qw: Lair rune preference: random
     0 | D:1      | 0 ||| qw: Plans: Normal, Zot:1-4, God:TSO, Crypt, Tomb,
                  | Pan, Slime:5, Hells, Abyss, Orb
     0 | D:1      | 0 ||| PLANNING D:1-11
    17 | D:1      | Reached skill level 2 in Axes
   135 | D:1      | Reached XP level 2. HP: 19/19 MP: 2/2
   172 | D:1      | 172 ||| Stepping ~*~*~tactically~*~*~ (stealth).
   568 | D:1      | 568 ||| Stepping ~*~*~tactically~*~*~ (stealth).
   569 | D:1      | 569 ||| Stepping ~*~*~tactically~*~*~ (stealth).
   575 | D:1      | 575 ||| Stepping ~*~*~tactically~*~*~ (stealth).
   613 | D:1      | Reached skill level 3 in Axes
   720 | D:1      | Found a faded altar of an unknown god.
   785 | D:1      | Reached XP level 3. HP: 23/23 MP: 3/3
   803 | D:1      | 803 ||| Stepping ~*~*~tactically~*~*~ (stealth).
   917 | D:1      | 917 ||| Stepping ~*~*~tactically~*~*~ (stealth).
  1314 | D:1      | 1314 ||| UPGRADING to +0 plate armour.
  1324 | D:1      | 1324 ||| DROPPING +0 scale mail.
  1325 | D:1      | 1325 ||| UPGRADING to ring of positive energy.
  1326 | D:1      | 1326 ||| READING scroll labelled JIDUQERPHAW.
  1327 | D:1      | 1327 ||| READING scroll labelled MIOTOBIW GITRO.
  1328 | D:1      | 1328 ||| READING scroll labelled BONAMI YTTUE.
  1481 | D:2      | 1481 ||| Stepping ~*~*~tactically~*~*~ (stealth).
  1504 | D:2      | 1504 ||| FLEEEEING.
  1505 | D:2      | 1505 ||| FLEEEEING.
  1506 | D:2      | 1506 ||| FLEEEEING.
  1507 | D:2      | 1507 ||| FLEEEEING.
  1508 | D:2      | 1508 ||| FLEEEEING.
  1509 | D:2      | 1509 ||| FLEEEEING.
  1510 | D:2      | 1510 ||| FLEEEEING.
  1511 | D:2      | 1511 ||| FLEEEEING.
  1512 | D:2      | 1512 ||| FLEEEEING.
  1517 | D:2      | 1517 ||| Stepping ~*~*~tactically~*~*~ (hiding).
  1523 | D:2      | 1523 ||| FLEEEEING.
  1524 | D:2      | 1524 ||| FLEEEEING.
  1525 | D:2      | 1525 ||| FLEEEEING.
  1526 | D:2      | 1526 ||| FLEEEEING.
  1527 | D:2      | 1527 ||| FLEEEEING.
  1528 | D:2      | 1528 ||| FLEEEEING.
  1529 | D:2      | 1529 ||| Stepping ~*~*~tactically~*~*~ (stealth).
  1736 | D:2      | Reached XP level 4. HP: 28/28 MP: 4/4
  1772 | D:2      | 1772 ||| Stepping ~*~*~tactically~*~*~ (stealth).
  1841 | D:2      | Found a shimmering blue altar of Sif Muna.
  1841 | D:2      | Found Rogem's Antique Weapon Boutique.
  1851 | D:2      | 1851 ||| SHOPLISTING runed whip (126 gold, have 72).
  2024 | D:2      | Reached skill level 4 in Axes
  2148 | D:2      | 2148 ||| UPGRADING to ring of protection from fire.
  2149 | D:2      | 2149 ||| DRINKING 2 bubbling yellow potions.
  2279 | D:3      | 2279 ||| Stepping ~*~*~tactically~*~*~ (hiding).
  2280 | D:3      | 2280 ||| Stepping ~*~*~tactically~*~*~ (hiding).
  2287 | D:3      | Reached XP level 5. HP: 26/32 MP: 5/5
  2552 | D:3      | Found Pyoc's Antique Armour Emporium.
  2558 | D:3      | 2558 ||| SHOPLISTING dazzling chain mail (247 gold, have
                  | 87).
  2558 | D:3      | 2558 ||| SHOPLISTING runed kite shield (195 gold, have 87).
  2558 | D:3      | 2558 ||| SHOPLISTING shiny helmet (195 gold, have 87).
  2711 | D:3      | Noticed Natasha
  2715 | D:3      | Killed Natasha
  3094 | D:3      | Reached skill level 5 in Axes
  3371 | D:3      | 3371 ||| READING scroll labelled RAOCLYPNUC.
  3372 | D:3      | 3372 ||| READING scroll labelled TORGHE FERCH.
  3373 | D:3      | 3373 ||| READING scroll labelled WAOFOIPAPS.
  3422 | D:3      | 3422 ||| DRINKING 3 smoky emerald potions.
  3423 | D:3      | 3423 ||| READING 4 scrolls of identify.
  3423 | D:3      | 3423 ||| IDENTIFYING fizzy dark potion
  3424 | D:3      | 3424 ||| READING 3 scrolls of identify.
  3424 | D:3      | 3424 ||| IDENTIFYING murky orange potion
  3425 | D:3      | 3425 ||| READING 2 scrolls of identify.
  3425 | D:3      | 3425 ||| IDENTIFYING red potion
  3426 | D:3      | 3426 ||| DROPPING potion of magic.
  3427 | D:3      | 3427 ||| DROPPING potion of brilliance.
  3447 | D:4      | Reached XP level 6. HP: 39/39 MP: 6/6
  3448 | D:4      | 3448 ||| Stepping ~*~*~tactically~*~*~ (stealth).
  3488 | D:4      | 3488 ||| Stepping ~*~*~tactically~*~*~ (stealth).
  3525 | D:4      | 3525 ||| Stepping ~*~*~tactically~*~*~ (stealth).
  3618 | D:4      | 3618 ||| Stepping ~*~*~tactically~*~*~ (stealth).
  3629 | D:4      | 3629 ||| DROPPING +0 whip.
  3674 | D:4      | Found an iron altar of Okawaru.
  3675 | D:4      | 3675 ||| PLANNING OKAWARU WORSHIP
  3675 | D:4      | 3675 ||| READING scroll labelled UZIUDI OM JUER.
  3703 | D:4      | 3703 ||| FLEEEEING.
  3704 | D:4      | 3704 ||| FLEEEEING.
  3705 | D:4      | 3705 ||| FLEEEEING.
  3707 | D:4      | 3707 ||| FLEEEEING.
  3708 | D:4      | 3708 ||| STAIRDANCE
  3710 | D:3      | 3710 ||| READING scroll labelled FIACUI HAMETI.
  3715 | D:3      | 3715 ||| READING scroll labelled AMUESE ACUO.
  3716 | D:3      | 3716 ||| READING 2 scrolls of identify.
  3716 | D:3      | 3716 ||| IDENTIFYING sapphire potion
  3783 | D:4      | Reached skill level 6 in Axes
  3783 | D:4      | Reached XP level 7. HP: 20/44 MP: 7/7
  3792 | D:4      | 3792 ||| STAIRDANCE
  3976 | D:4      | Became a worshipper of Warmaster Okawaru
  3977 | D:4      | 3977 ||| PLANNING D:1-11
  4029 | D:4      | 4029 ||| Stepping ~*~*~tactically~*~*~ (stealth).
  4031 | D:4      | Found an opulent altar of Gozag.
  4159 | D:4      | Found a sparkling altar of Nemelex Xobeh.
  4176 | D:4      | Identified the +11 rapier of the Blessed Realm {venom, rN+
                  | Will+}
  4197 | D:4      | Found a shimmering altar of Xom.
  4234 | D:4      | Found a snail-covered altar of Cheibriados.
  4277 | D:4      | 4277 ||| Stepping ~*~*~tactically~*~*~ (hiding).
  4375 | D:4      | Found a staircase to the Ecumenical Temple.
  4491 | D:4      | 4491 ||| READING scroll labelled OCWODW USUB.
  4560 | D:5      | Entered Level 5 of the Dungeon
  4583 | D:5      | 4583 ||| Stepping ~*~*~tactically~*~*~ (stealth).
  4599 | D:5      | Reached skill level 7 in Axes
  4599 | D:5      | 4599 ||| FLEEEEING.
  4600 | D:5      | 4600 ||| FLEEEEING.
  4601 | D:5      | 4601 ||| FLEEEEING.
  4602 | D:5      | 4602 ||| FLEEEEING.
  4605 | D:5      | 4605 ||| FLEEEEING.
  4606 | D:5      | 4606 ||| FLEEEEING.
  4607 | D:5      | 4607 ||| FLEEEEING.
  4608 | D:5      | 4608 ||| FLEEEEING.
  4609 | D:5      | 4609 ||| FLEEEEING.
  4610 | D:5      | 4610 ||| FLEEEEING.
  4611 | D:5      | 4611 ||| STAIRDANCE
  4645 | D:4      | 4645 ||| READING 2 scrolls of identify.
  4645 | D:4      | 4645 ||| IDENTIFYING emerald potion
  4646 | D:4      | 4646 ||| DROPPING potion of degeneration.
  4655 | D:5      | 4655 ||| STAIRDANCE
  4751 | D:5      | 4751 ||| DROPPING +0 flail.
  4754 | D:5      | 4754 ||| Stepping ~*~*~tactically~*~*~ (hiding).
  4759 | D:5      | 4759 ||| Stepping ~*~*~tactically~*~*~ (hiding).
  4760 | D:5      | 4760 ||| Stepping ~*~*~tactically~*~*~ (hiding).
  4770 | D:5      | 4770 ||| FLEEEEING.
  4771 | D:5      | 4771 ||| FLEEEEING.
  4772 | D:5      | 4772 ||| FLEEEEING.
  4923 | D:5      | Reached skill level 1 in Dodging
  4923 | D:5      | Reached XP level 8. HP: 39/50 MP: 8/8
  5052 | D:5      | Found a shimmering blue altar of Sif Muna.
  5058 | D:5      | Reached skill level 1 in Throwing
  5069 | D:5      | 5069 ||| FLEEEEING.
  5070 | D:5      | 5070 ||| FLEEEEING.
  5071 | D:5      | 5071 ||| FLEEEEING.
  5072 | D:5      | 5072 ||| FLEEEEING.
  5109 | D:5      | 5109 ||| Stepping ~*~*~tactically~*~*~ (hiding).
  5114 | D:5      | Noticed Pikel
  5119 | D:5      | Reached * piety under Okawaru
  5120 | D:5      | 5120 ||| INVOKING Heroism.
  5129 | D:5      | Killed Pikel
  5130 | D:5      | Reached skill level 8 in Axes
  5130 | D:5      | Reached skill level 3 in Invocations
  5252 | D:5      | 5252 ||| Stepping ~*~*~tactically~*~*~ (stealth).
  5404 | D:5      | Noticed Ijyb
  5405 | D:5      | 5405 ||| INVOKING Heroism.
  5409 | D:5      | Killed Ijyb
  5514 | D:5      | 5514 ||| INVOKING Heroism.
  5589 | D:5      | 5589 ||| UPGRADING to +0 cloak.
  5594 | D:5      | 5594 ||| DROPPING ring of magical power.
  5595 | D:5      | 5595 ||| READING scroll labelled MAEVAADUHY.
  5624 | D:6      | Found a broken altar of Ashenzari.
  5650 | D:6      | Reached skill level 6 in Fighting
  5650 | D:6      | Reached XP level 9. HP: 49/55 MP: 12/12
  5749 | D:6      | Identified the +1 hat "Loiclubi" {Harm rC- Regen+ Stlth-}
  5763 | D:6      | Reached ** piety under Okawaru
  5804 | D:6      | 5804 ||| INVOKING Heroism.
  5807 | D:6      | 5807 ||| Stepping ~*~*~tactically~*~*~ (stealth).
  5808 | D:6      | 5808 ||| Stepping ~*~*~tactically~*~*~ (stealth).
  5820 | D:6      | Noticed Sigmund
  5849 | D:6      | HP: 12/55 [something (8)]
  5852 | D:6      | 5852 ||| DRINKING 7 potions of curing.
  5852 | D:6      | 5852 ||| (to cure confusion)
  5862 | D:6      | 5862 ||| INVOKING Heroism.
  5867 | D:6      | Killed Sigmund
  6166 | D:6      | 6166 ||| Stepping ~*~*~tactically~*~*~ (stealth).
  6329 | D:6      | Noticed Menkaure
  6330 | D:6      | 6330 ||| INVOKING Heroism.
  6338 | D:6      | Killed Menkaure
  6339 | D:6      | Reached skill level 9 in Axes
  6438 | D:6      | 6438 ||| UPGRADING to +1 pair of boots.
  6443 | D:6      | 6443 ||| READING scroll labelled PEWYFR COTASCH.
  6444 | D:6      | 6444 ||| READING 2 scrolls of identify.
  6444 | D:6      | 6444 ||| IDENTIFYING green potion
  6450 | D:7      | 6450 ||| PLANNING OSSUARY
  6464 | D:7      | 6464 ||| Stepping ~*~*~tactically~*~*~ (hiding).
  6469 | D:7      | 6469 ||| INVOKING Heroism.
  6479 | D:7      | HP: 11/55 [gnoll sergeant/+0 trident of distortion (4)]
  6480 | D:7      | 6480 ||| READING scroll of teleportation.
  6481 | D:7      | 6481 ||| DRINKING 2 potions of heal wounds.
  6483 | D:7      | 6483 ||| DRINKING potion of heal wounds.
  6702 | D:7      | Identified the +1 helmet of Dishonour {rF+}
  6851 | D:7      | 6851 ||| INVOKING Heroism.
  6854 | D:7      | Reached skill level 6 in Armour
  6871 | D:7      | 6871 ||| FLEEEEING.
  6875 | D:7      | 6875 ||| FLEEEEING.
  6876 | D:7      | 6876 ||| FLEEEEING.
  6881 | D:7      | 6881 ||| FLEEEEING.
  6882 | D:7      | 6882 ||| FLEEEEING.
  6887 | D:7      | 6887 ||| FLEEEEING.
  6888 | D:7      | 6888 ||| FLEEEEING.
  6889 | D:7      | 6889 ||| INVOKING Heroism.
  6989 | D:7      | 6989 ||| Stepping ~*~*~tactically~*~*~ (stealth).
  6990 | D:7      | 6990 ||| Stepping ~*~*~tactically~*~*~ (stealth).
  6995 | D:7      | 6995 ||| Stepping ~*~*~tactically~*~*~ (stealth).
  6997 | D:7      | 6997 ||| Stepping ~*~*~tactically~*~*~ (stealth).
  6998 | D:7      | 6998 ||| INVOKING Heroism.
  7008 | D:7      | 7008 ||| Stepping ~*~*~tactically~*~*~ (stealth).
  7009 | D:7      | 7009 ||| Stepping ~*~*~tactically~*~*~ (stealth).
  7023 | D:7      | 7023 ||| INVOKING Heroism.
  7126 | D:7      | 7126 ||| INVOKING Heroism.
  7135 | D:7      | 7135 ||| Stepping ~*~*~tactically~*~*~ (stealth).
  7143 | D:7      | 7143 ||| RIP OSSUARY
  7232 | D:7      | 7232 ||| PLANNING D:1-11
  7232 | D:7      | 7232 ||| Stepping ~*~*~tactically~*~*~ (stealth).
  7271 | D:7      | 7271 ||| DROPPING +0 antimagic flail.
  7289 | D:7      | 7289 ||| Stepping ~*~*~tactically~*~*~ (hiding).
  7294 | D:7      | 7294 ||| INVOKING Heroism.
  7305 | D:7      | Reached XP level 10. HP: 61/63 MP: 11/13
  7319 | D:7      | 7319 ||| INVOKING Heroism.
  7323 | D:7      | 7323 ||| DRINKING 6 potions of curing.
  7323 | D:7      | 7323 ||| (to cure confusion)
  7340 | D:7      | 7340 ||| DRINKING 5 potions of curing.
  7340 | D:7      | 7340 ||| (to cure confusion)
  7438 | D:7      | 7438 ||| Stepping ~*~*~tactically~*~*~ (stealth).
  7445 | D:7      | 7445 ||| Stepping ~*~*~tactically~*~*~ (stealth).
  7450 | D:7      | Reached skill level 10 in Axes
  7451 | D:7      | 7451 ||| Stepping ~*~*~tactically~*~*~ (stealth).
  7452 | D:7      | 7452 ||| Stepping ~*~*~tactically~*~*~ (stealth).
  7453 | D:7      | 7453 ||| Stepping ~*~*~tactically~*~*~ (stealth).
  7462 | D:7      | 7462 ||| Stepping ~*~*~tactically~*~*~ (stealth).
  7463 | D:7      | 7463 ||| Stepping ~*~*~tactically~*~*~ (stealth).
  7493 | D:7      | 7493 ||| INVOKING Heroism.
  7805 | D:7      | Reached *** piety under Okawaru
  7865 | D:7      | 7865 ||| Stepping ~*~*~tactically~*~*~ (stealth).
  8041 | D:7      | 8041 ||| UPGRADING to +1 helmet of Dishonour {rF+}.
  8085 | D:8      | 8085 ||| Stepping ~*~*~tactically~*~*~ (hiding).
  8088 | D:8      | 8088 ||| INVOKING Heroism.
  8185 | D:8      | 8185 ||| Stepping ~*~*~tactically~*~*~ (stealth).
  8232 | D:8      | Found a bloodstained altar of Trog.
  8324 | D:8      | 8324 ||| INVOKING Heroism.
  8328 | D:8      | 8328 ||| Stepping ~*~*~tactically~*~*~ (stealth).
  8329 | D:8      | 8329 ||| Stepping ~*~*~tactically~*~*~ (stealth).
  8358 | D:8      | 8358 ||| INVOKING Heroism.
  8436 | D:8      | Found a sacrificial altar of Ru.
  8447 | D:8      | 8447 ||| Stepping ~*~*~tactically~*~*~ (hiding).
  8499 | D:8      | Found a glowing silver altar of Zin.
  8582 | D:8      | 8582 ||| UPGRADING to scarf of resistance.
  8592 | D:8      | 8592 ||| READING scroll labelled ZIKHLA LYAS.
  8593 | D:8      | 8593 ||| DRINKING 2 golden potions.
  8594 | D:8      | 8594 ||| READING 2 scrolls of identify.
  8594 | D:8      | 8594 ||| IDENTIFYING dark potion
  8595 | D:8      | 8595 ||| DROPPING potion of flight.
  8675 | D:9      | Found a transporter.
  8720 | D:9      | 8720 ||| Stepping ~*~*~tactically~*~*~ (stealth).
  8726 | D:9      | 8726 ||| INVOKING Heroism.
  8736 | D:9      | HP: 14/64 [acid dragon (7)]
  8736 | D:9      | HP: 2/64 [yak (12)]
  8737 | D:9      | 8737 ||| READING 2 scrolls of teleportation.
  8739 | D:9      | Slain by an acid dragon

Levels and vault maps discovered:
D:1:      dpeg_arrival_tiny_b, layout_basic,
          shapermc_ecumenical_altar_notcrosses, grunt_decor_arrowhead
D:2:      layout_basic, basic_altar, serial_shops, nicolae_shop_hallway_plus,
          hangedman_decor_peaks_small, kennysheep_boxes
D:3:      layout_loops_corners, serial_shops, nicolae_shop_hallway_plus,
          minmay_snake_closets, uniq_natasha
D:4:      layout_cave_pools, mainiacjoe_overflow_cross_hatched,
          kennysheep_mini_moat, led_xom_imps,
          mainiacjoe_overflow_six_doors_small, mainiacjoe_overflow_alcove_1,
          temple_hall, serial_column_ruins, column_ruins_hut,
          column_ruins_open_small, column_ruins_grid_1,
          column_ruins_columns_straight, column_ruins_corridor_straight,
          column_ruins_columns_corner
D:5:      layout_rooms, mainiacjoe_overflow_chevrons, uniq_pikel, uniq_ijyb
D:6:      layout_gridville, ashenzari_altar_1, uniq_sigmund, uniq_menkaure
D:7:      layout_loops_ring, nicolae_ossuary_entry_ruins
D:8:      layout_rooms, mainiacjoe_overflow_concentric_impassable,
          trog_butcher_becter, nicolae_ru_the_path_less_chosen
D:9:      layout_basic, nicolae_diode_basic

Skill      XL: |  1  2  3  4  5  6  7  8  9 10 |
---------------+-------------------------------+-----
Axes           | 2 3 4 5 6 7 8 9 10 | 10.6
Fighting       | 4 5 6 7 8 |  8.1
Dodging        | 1 |  1.2
Throwing       | 1 |  1.2
Armour         | 4 6 7 |  7.0
Invocations    | 4 |  4.0
Shields        | 4 5 |  5.0

Action                   |  1- 3 |  4- 6 |  7- 9 | 10-12 || total
-------------------------+-------+-------+-------+-------++-------
Melee: War axe           |   137 |   191 |   271 |   154 ||   753
       Unarmed           |       |       |       |    12 ||    12
Throw: Javelin           |    10 |       |       |       ||    10
       Boomerang         |       |       |    51 |    25 ||    76
Invok: Heroism           |       |       |    13 |     6 ||    19
  Use: Scroll            |     3 |    10 |     6 |     3 ||    22
       Potion            |       |     2 |     3 |     3 ||     8
Armor: Scale mail        |    44 |       |       |       ||    44
       Plate armour      |    31 |   137 |   196 |   105 ||   469
       Skin              |       |       |       |     4 ||     4
Dodge: Dodged            |    66 |    54 |    72 |    65 ||   257
Block: Buckler           |    30 |    40 |    61 |    35 ||   166

Table legend:
 A = Non-vault XP
 B = Vault XP
 C = Vault XP percentage of total XP
 D = Non-vault monster count
 E = Vault monster count
 F = Vault count percentage of total count
                 A         B        C        D         E       F
            +---------+---------+-------+---------+---------+-------
      Total |    5817 |    1756 |  23.2 |     189 |      25 |  11.7
            +---------+---------+-------+---------+---------+-------
        D:1 |      50 |       0 |   0.0 |      31 |       0 |   0.0
        D:2 |      74 |       0 |   0.0 |      24 |       0 |   0.0
        D:3 |      71 |     123 |  63.4 |      15 |      13 |  46.4
        D:4 |     425 |     194 |  31.3 |      16 |       4 |  20.0
        D:5 |     720 |     665 |  48.0 |      23 |       2 |   8.0
        D:6 |     837 |     401 |  32.4 |      18 |       2 |  10.0
        D:7 |    2270 |       0 |   0.0 |      41 |       0 |   0.0
        D:8 |    1114 |     373 |  25.1 |      17 |       4 |  19.0
        D:9 |     256 |       0 |   0.0 |       4 |       0 |   0.0
            +---------+---------+-------+---------+---------+-------
